 Dungeon Crawl Stone Soup version 0.28.0-47-ge53b351184 (webtiles) character file.

Game seed: 11470457168053186572

63186 goronesan the Impaler (level 15, -8/124 HPs)
             Began as a Human Berserker on Apr 27, 2022.
             Was an Elder of Trog.
             Mangled by a naga
             ... wielding a +0 long sword
              (17 damage)
             ... on level 2 of the Snake Pit.
             The game lasted 02:24:52 (25977 turns).

goronesan the Impaler (Human Berserker)            Turns: 25977, Time: 02:24:52

Health: -8/124     AC: 27    Str: 29    XL:     15   Next: 49%
Magic:  15/15      EV:  8    Int:  9    God:    Trog [****..]
Gold:   546        SH:  5    Dex: 21    Spells: 14/14 levels left

rFire   . . .      SeeInvis +   u - +9 halberd of Discomfort {chaos, SInv}
rCold   + . .      Faith    .   (shield currently unavailable)
rNeg    + + .      Spirit   .   r - +4 chain mail {Will+}
rPois   +          Reflect  +   h - +2 helmet of Imperfection {Rampage rCorr Dex+2 SInv}
rElec   .          Harm     .   g - +0 cloak
rCorr   +          Rampage  +   e - +2 pair of gloves
Will    +....                   O - +1 pair of boots
Stlth   ..........              J - amulet of reflection
HPRegen 0.30/turn               y - +6 ring of strength
MPRegen 0.14/turn               H - ring of Polytheism {rPois rC+ rN++ Will- Dex+6}

@: about to teleport, on berserk cooldown, slowed, constricted, studying
Throwing, very slow
A: no striking features
a: Renounce Religion, Berserk, Trog's Hand, Brothers in Arms


You were on level 2 of the Snake Pit.
You worshipped Trog.
Trog was greatly pleased with you.
You visited 5 branches of the dungeon, and saw 20 of its levels.

You collected 1597 gold pieces.
You spent 1051 gold pieces at shops.

Inventory:

Hand Weapons
 b - a +5 hand crossbow
 p - a +6 vampiric battleaxe
 u - the +9 halberd of Discomfort (weapon) {chaos, SInv}
   (You took it off a gnoll on level 3 of the Dungeon)

   Each time it hits an enemy it has a different, random effect.
   SInv:      It lets you see invisible.
 M - a +0 long sword of holy wrath
 S - a +3 demon trident of flaming
Missiles
 j - 71 bolts
 n - 17 boomerangs (quivered)
 E - 63 poisoned darts
Armour
 c - the +3 chain mail of Joaqa {rPois Dex+2}
   (You bought it in a shop on level 1 of the Snake Pit)

   Dex:       It affects your dexterity (+2).
   rPois:     It protects you from poison.
 d - a +0 tower shield
 e - a +2 pair of gloves (worn)
 g - a +0 cloak (worn)
 h - the +2 helmet of Imperfection (worn) {Rampage rCorr Dex+2 SInv}
   (You acquired it on level 2 of the Lair of Beasts)

   Dex:       It affects your dexterity (+2).
   SInv:      It lets you see invisible.
   rCorr:     It protects you from acid and corrosion.
   Rampage:   It bestows one free step when moving towards enemies.
 r - a +4 chain mail of willpower (worn)
 B - a +2 scale mail of cold resistance
 O - a +1 pair of boots (worn)
Jewellery
 v - a +6 ring of dexterity
 w - a ring of poison resistance
 x - a ring of see invisible
 y - a +6 ring of strength (left hand)
 H - the ring of Polytheism (right hand) {rPois rC+ rN++ Will- Dex+6}
   (You took it off a kobold on level 8 of the Dungeon)

   [ring of dexterity]

   Dex:       It affects your dexterity (+6).
   rC:        It protects you from cold.
   rPois:     It protects you from poison.
   rN:        It greatly protects you from negative energy.
   Will:      It decreases your willpower.
 J - an amulet of reflection (around neck)
Wands
 o - a wand of iceblast (15)
 s - a wand of charming (7)
 t - a wand of paralysis (9)
 G - a wand of flame (10)
 K - a wand of mindburst (5)
 L - a wand of polymorph (5)
Scrolls
 f - 6 scrolls of teleportation
 q - a scroll of fog
 I - 2 scrolls of identify
 N - 2 scrolls of blinking
Potions
 a - 2 potions of magic
 i - 6 potions of curing
 k - a potion of cancellation
 l - 3 potions of attraction {unknown}
 m - 2 potions of flight
 z - 2 potions of resistance
 A - 3 potions of mutation {unknown}
 C - 2 potions of heal wounds
 D - a potion of invisibility {unknown}
 F - a potion of haste
 P - a potion of might
 Q - 2 potions of lignification {unknown}


   Skills:
 * Level 13.5 Fighting
 + Level 8.2(13.2) Axes
 + Level 16.2(16.9) Polearms
 + Level 4.3 Throwing
 * Level 12.8 Armour
 + Level 3.9 Dodging
 - Level 0.5 Stealth
 + Level 4.4 Shields
 - Level 0.1 Evocations


You had 14 spell levels left.
You didn't know any spells.
Your spell library was empty.

Dungeon Overview and Level Annotations

Branches:
Dungeon (13/15)            Temple (1/1) D:6            Lair (2/6) D:9
 Shoals (0/4) Lair:2        Snake (2/4) Lair:2          Orc (2/2) D:10
    Elf (0/3) Orc:2
 Vaults: D:13-14

Altars:
Ashenzari
Cheibriados
Dithmenos
Elyvilon
Fedhas
Gozag
Hepliaklqana
Kikubaaqudgha
Makhleb
Nemelex Xobeh
Okawaru
Qazlal
Ru
Sif Muna
Trog
Uskayaw
Vehumet
Wu Jian
Xom
Yredelemnul
Zin
The Shining One

Shops:
D:5 *   Orc:2 (!*   Snake:1 **


Message History

You feel sick.
The naga no longer looks unusually strong.
The naga mage falters for a moment.
The naga mage constricts you. The naga hits you but does no damage.
The naga hits you with a +0 long sword!
You open the naga mage like a pillowcase!!!
You burn the naga mage.
You kill the naga mage!
Trog accepts your kill.
Trog appreciates your killing of a magic user.
You feel sick. The naga hits you but does no damage. The naga grabs you.
The naga constricts you. The shock serpent bites you!
The shock serpent shocks you!
The naga hits you with a +0 long sword!!
* * * LOW HITPOINT WARNING * * *
You impale the shock serpent!!
The shock serpent seems to slow down.
You freeze the shock serpent!
The shock serpent is heavily wounded.
The shock serpent's electric aura discharges, shocking you!
* * * LOW HITPOINT WARNING * * *
You feel sick. You block the naga's attack. The naga constricts you.
* * * LOW HITPOINT WARNING * * *
The shock serpent barely misses you. The naga hits you with a +0 long sword!
* * * LOW HITPOINT WARNING * * *
Blink to where?
Press: ? - help, Dir - move target
Okay, then.
As you read the scroll of teleportation, it crumbles to dust.
You feel strangely unstable.
You feel sick.
You are no longer poisoned.
The shock serpent is no longer moving slowly.
The naga hits you but does no damage. The naga constricts you.
The shock serpent barely misses you. The naga closely misses you.
The naga spits poison at you. The splash of poison misses you.
The naga constricts you.
* * * LOW HITPOINT WARNING * * *
You feel better. You block the shock serpent's attack.
The naga barely misses you. You block the shock serpent's attack.
The naga hits you but does no damage. The naga constricts you.
The naga hits you with a +0 long sword!
You die...

##..## #..........
##..##. #....######
#####. ##....### # #.
#......### ## ### #.
#.####.... .. #..##.
######.... #....##
#.#......# ..###.NN#
#.###...## ......S@#
#..##...##
##...##.######
...#.....
###...)))...####.#.....
###...#.........#....
#....###....#..####
##..## ######..# ####
...... ...##...
##....## #... ...#


You could see a shock serpent and 2 nagas.

Vanquished Creatures
  Jorgrun (D:10)
  Kirke (Snake:1)
  An ettin (Orc:2)
  Josephine (Snake:1)
  The ghost of Weugil the Slicer, a journeyman HaBe of Trog (Lair:2)
  5 naga warriors
  A salamander tyrant (Snake:2)
  2 vault guards (D:13)
  4 hydras
  2 anacondas (Snake:2)
  2 ogre magi
  Erica (D:8)
  A boulder beetle (D:12)
  5 two-headed ogres (D:11)
  A dancing weapon (Lair:2)
  A death knight (D:12)
  2 naga sharpshooters (Snake:1)
  A shock serpent (Snake:1)
  Sonja (Lair:2)
  Nergalle (Lair:2)
  2 salamander mystics (Snake:2)
  A naga ritualist (Snake:1)
  A deep elf archer (D:12)
  2 orc knights
  3 mana vipers (Snake:1)
  An orc sorcerer (D:10)
  A manticore (D:12)
  2 ugly things
  A cyclops (Orc:2)
  3 merfolk sirens (Lair:2)
  Joseph (D:7)
  4 salamanders (Snake:2)
  A torpor snail (Lair:2)
  6 black mambas (Snake:1)
  6 naga magi
  Maggie (Lair:2)
  2 gargoyles
  3 cane toads
  6 komodo dragons
  2 merfolk
  3 trolls
  A hornet (D:10)
  9 slime creatures (D:12)
  3 dream sheep (Lair:2)
  3 wraiths (Snake:1)
  A shadow (D:12)
  A vampire (D:12)
  4 wyverns
  32 yaks
  A hog (Snake:1)
  A basilisk (D:9)
  A neqoxec (Orc:2)
  6 vampire mosquitoes (D:11)
  A chaos spawn (Orc:2)
  A steam dragon (D:8)
  24 nagas
  2 wargs
  4 water moccasins
  5 acid dragons
  3 black bears
  35 orc warriors
  2 necrophages
  9 ogres
  10 centaurs
  6 wolves
  The ghost of Descartes the Grasshopper, an amateur FoWr (D:3)
  7 kobold brigands
  5 bullfrogs
  A gnoll sergeant (D:11)
  4 scorpions
  3 water moccasin skeletons
  A killer bee (D:7)
  4 howler monkeys
  3 electric eels
  3 centaur zombies
  2 hounds (D:7)
  A jelly (D:6)
  32 orc priests
  2 centaur skeletons
  2 iguanas
  25 orc wizards
  Ijyb (D:3)
  2 killer bee zombies (D:8)
  A hound zombie (D:5)
  14 gnolls
  5 adders
  3 shadow imps
  4 white imps
  An ufetubus (D:7)
  An adder skeleton (D:4)
  2 worms
  3 dart slugs
  86 orcs
  6 ball pythons
  7 endoplasms
  3 giant cockroaches
  4 goblins
  2 hobgoblins
  9 jackals
  4 quokkas
  2 bats (D:1)
  4 frilled lizards
  39 kobolds
  5 rats
556 creatures vanquished.

Vanquished Creatures (others)
  An anaconda (Snake:1)
  A salamander (Snake:2)
  2 humans (Snake:1)
  A kobold (D:9)
  7 fungi
  47 plants
59 creatures vanquished.

Grand Total: 615 creatures vanquished

Notes
Turn   | Place    | Note
-------+----------+-------------------------------------------
     0 | D:1      | goronesan the Human Berserker began the quest for the Orb.
     0 | D:1      | Reached XP level 1. HP: 18/18 MP: 1/1
   484 | D:1      | Reached XP level 2. HP: 23/24 MP: 2/2
  1474 | D:2      | Noticed a necrophage
  1491 | D:2      | Killed a necrophage
  1492 | D:2      | Reached XP level 3. HP: 30/30 MP: 3/3
  1492 | D:2      | Reached XP level 4. HP: 37/37 MP: 4/4
  1492 | D:2      | Reached XP level 5. HP: 42/42 MP: 5/5
  1590 | D:2      | Found a hazy altar of Hepliaklqana.
  2216 | D:3      | Noticed Ijyb
  2226 | D:3      | Killed Ijyb
  2427 | D:3      | Found a shimmering blue altar of Sif Muna.
  2648 | D:3      | Found a radiant altar of Vehumet.
  2763 | D:3      | Reached XP level 6. HP: 44/48 MP: 6/6
  2906 | D:3      | Reached ** piety under Trog
  2954 | D:3      | Identified the +9 halberd of Discomfort {chaos, SInv}
  3077 | D:3      | Found a transporter.
  3077 | D:3      | Found a transporter.
  3257 | D:3      | Noticed Descartes's ghost (amateur FoWr)
  3273 | D:3      | Killed Descartes's ghost
  3586 | D:4      | Noticed an ogre
  3595 | D:4      | Killed an ogre
  3596 | D:4      | Reached skill level 1 in Polearms
  3596 | D:4      | Reached XP level 7. HP: 53/55 MP: 7/7
  4333 | D:4      | Reached skill level 5 in Fighting
  4345 | D:4      | Reached skill level 2 in Polearms
  4801 | D:5      | Entered Level 5 of the Dungeon
  4875 | D:5      | Reached skill level 3 in Polearms
  5058 | D:5      | Found Coimymm's General Store.
  5064 | D:5      | Reached XP level 8. HP: 62/62 MP: 8/8
  5090 | D:5      | Bought a scroll of identify for 28 gold pieces
  5100 | D:5      | Found a shadowy altar of Dithmenos.
  5257 | D:5      | Reached skill level 4 in Polearms
  5405 | D:5      | Reached skill level 5 in Polearms
  6287 | D:6      | Found a staircase to the Ecumenical Temple.
  6300 | D:6      | Found a hide-covered altar of Uskayaw.
  6405 | D:6      | Reached skill level 6 in Polearms
  6414 | D:6      | Reached XP level 9. HP: 53/69 MP: 9/9
  6483 | Temple   | Entered the Ecumenical Temple
  7026 | D:7      | Found a bloodstained altar of Trog.
  7106 | D:7      | Reached skill level 7 in Polearms
  7244 | D:7      | Noticed Joseph
  7254 | D:7      | Killed Joseph
  7255 | D:7      | Reached skill level 1 in Throwing
  7255 | D:7      | Reached skill level 5 in Armour
  7400 | D:7      | Reached skill level 8 in Polearms
  8909 | D:8      | Reached *** piety under Trog
  8980 | D:8      | Reached XP level 10. HP: 79/79 MP: 10/10
  8983 | D:8      | Reached skill level 9 in Polearms
  9193 | D:8      | Identified the ring of Polytheism {rPois rC+ rN++ Will-
                  | Dex+6}
  9361 | D:8      | Found an iron altar of Okawaru.
  9772 | D:8      | Reached skill level 10 in Polearms
  9911 | D:9      | Noticed Erica
  9923 | D:8      | Killed Erica
 10157 | D:9      | Reached XP level 11. HP: 67/86 MP: 11/11
 10169 | D:9      | Reached skill level 11 in Polearms
 10169 | D:9      | Found a staircase to the Lair.
 10818 | Lair:1   | Entered Level 1 of the Lair of Beasts
 11246 | Lair:1   | Reached skill level 1 in Shields
 11259 | Lair:1   | Reached skill level 12 in Polearms
 12320 | Lair:2   | Noticed a merfolk siren
 12329 | Lair:2   | Killed a merfolk siren
 12330 | Lair:2   | Reached XP level 12. HP: 94/94 MP: 12/12
 12498 | Lair:2   | Noticed Sonja
 12517 | Lair:2   | Killed Sonja
 12518 | Lair:2   | Reached skill level 13 in Polearms
 12759 | Lair:2   | Noticed a four-headed hydra
 12760 | Lair:2   | Noticed Maggie
 12842 | Lair:2   | Noticed a seven-headed hydra
 13266 | D:10     | Entered Level 10 of the Dungeon
 13930 | D:10     | Found a staircase to the Orcish Mines.
 14394 | Orc:1    | Entered Level 1 of the Orcish Mines
 14394 | Orc:1    | Noticed Jorgrun
 14404 | D:10     | Killed Jorgrun
 14729 | D:10     | Reached skill level 14 in Polearms
 15328 | Orc:1    | Reached **** piety under Trog
 15396 | Orc:1    | Noticed a sixfirhy
 15659 | Orc:2    | Entered Level 2 of the Orcish Mines
 15659 | Orc:2    | Found a gate leading to a gauntlet.
 15692 | Orc:2    | Reached skill level 10 in Fighting
 15744 | Orc:2    | Reached skill level 5 in Axes
 16007 | Orc:2    | Reached XP level 13. HP: 103/103 MP: 13/13
 16247 | Orc:2    | Found Molew's General Store.
 16257 | Orc:2    | Found Haemes's Distillery.
 16853 | Orc:2    | Bought 2 scrolls of identify for 52 gold pieces
 16964 | Orc:2    | Noticed an ettin
 16976 | Orc:2    | Killed an ettin
 16984 | Orc:2    | Found a staircase to the Elven Halls.
 17146 | Orc:2    | Found Sank's Weapon Emporium.
 17881 | D:11     | Reached skill level 10 in Armour
 18690 | D:11     | Noticed an ogre mage
 18709 | D:11     | Killed an ogre mage
 18725 | D:11     | Reached ***** piety under Trog
 19967 | D:12     | Noticed a six-headed hydra
 19981 | D:12     | Killed a three-headed hydra
 19982 | D:12     | Reached XP level 14. HP: 113/113 MP: 14/14
 20411 | D:12     | Reached skill level 15 in Polearms
 21304 | D:12     | Received a gift from Trog
 22094 | Lair:2   | Noticed Nergalle
 22099 | Lair:2   | Killed Maggie
 22103 | Lair:2   | Killed Nergalle
 22129 | Lair:2   | Found a runed translucent door.
 22129 | Lair:2   | Found a shimmering altar of Xom.
 22129 | Lair:2   | Noticed Weugil's ghost (journeyman HaBe)
 22188 | Lair:2   | Killed Weugil's ghost
 22206 | Lair:2   | Found a staircase to the Snake Pit.
 22272 | Lair:2   | Identified a scroll of acquirement
 22273 | Lair:2   | Acquired the +2 helmet of Imperfection {Rampage rCorr Dex+2
                  | SInv}
 22516 | Lair:2   | Found a staircase to the Shoals.
 22730 | Snake:1  | Entered Level 1 of the Snake Pit
 23121 | Snake:1  | Found Lygh's Assorted Antiques.
 23129 | Snake:1  | Found Cuffaofi's General Store.
 23129 | Snake:1  | Noticed Josephine
 23392 | Snake:1  | Killed Josephine
 23434 | Snake:1  | Bought a potion of heal wounds for 55 gold pieces
 23440 | Snake:1  | Bought a wavering jade ring for 195 gold pieces
 23440 | Snake:1  | Identified the ring of Quonyr {rC+ rN+ Dex-5 SInv} (You
                  | bought it in a shop on level 1 of the Snake Pit)
 23490 | Snake:1  | Bought an encrusted chain mail for 370 gold pieces
 23490 | Snake:1  | Identified the +3 chain mail of Joaqa {rPois Dex+2} (You
                  | bought it in a shop on level 1 of the Snake Pit)
 23538 | Snake:1  | Bought an iridescent broad axe for 351 gold pieces
 23538 | Snake:1  | Identified the +2 broad axe of the Pit {holy, rC- Int-2
                  | SInv Stlth+} (You bought it in a shop on level 1 of the
                  | Snake Pit)
 23600 | Snake:1  | HP: 5/174 [naga warrior/+0 dire flail (26)]
 23985 | Snake:1  | Noticed Kirke
 23987 | Snake:1  | Noticed a sphinx
 23994 | Snake:1  | Killed Kirke
 23998 | Snake:1  | Reached XP level 15. HP: 122/122 MP: 8/15
 24621 | Snake:1  | Reached skill level 16 in Polearms
 25976 | Snake:2  | HP: 3/124 [constriction (5)]
 25977 | Snake:2  | Mangled by a naga

Illustrated notes

Levels and vault maps discovered:
D:1:      beargit_arrival_diablo_church, layout_basic, minmay_fountain_box,
          dk_noncrumbling_2
D:2:      layout_rooms, basic_altar, grunt_decor_fettered
D:3:      layout_loops_ring, nicolae_vehumet_altar_sigil,
          mainiacjoe_overflow_alcove_4, gammafunk_ghost_gnarly_gnolls,
          serial_glass, glass_columns_b, glass_columns_c, uniq_ijyb
D:4:      layout_gridville
D:5:      layout_cave_pods, grunt_dithmenos_smoke, serial_shops,
          kennysheep_mini, nicolae_figureground_pulse
D:6:      layout_cave_pools, mainiacjoe_overflow_chevrons,
          minmay_temple_entry_waves, chequers_serial_rivers_micro_a
D:7:      layout_basic, trog_three_pillars_becter, uniq_joseph
D:8:      layout_layer_cave, okawaru_gym_becter, minivault_19, st_stairs_11,
          hangedman_decor_lopped, chequers_big_river
D:9:      layout_cave_pools, minmay_lair_entry_grove, uniq_erica
D:10:     layout_small_grid, david_orc_3, minivault_23, chequers_mini_garden
D:11:     layout_cave_pods
D:12:     layout_gridville, wad_mini_maze
D:13:     layout_long_grid, erik_vaults_2, special_room [special_room_orc],
          gammafunk_ghost_icy
Temple:   eino_temple_scatter_basement
Lair:1:   layout_chaotic_city, chequers_serial_rivers_room_a,
          nicolae_quartered_pool_little
Lair:2:   layout_concentric_octagons, elwin_shoals_entry_stream,
          guppyfry_snake_entry_island, ebering_ghost_xom, uniq_maggie,
          uniq_sonja, uniq_nergalle
Snake:1:  layout_honeycomb, minmay_shoptagon, grunt_megastairs_2, uniq_kirke,
          uniq_josephine
Snake:2:  layout_onion_interference
Orc:1:    layout_caves, uniq_jorgrun
Orc:2:    pf_orc_diabolical, layout_caves, gauntlet_entry_generic, serial_shops,
          nicolae_shop_hallway_stairs

Skill      XL: |  1  2  3  4  5  6  7  8  9 10 11 12 13 14 15 |
---------------+----------------------------------------------+-----
Axes           | 4 5 8 |  8.2
Fighting       | 4 5 6 7 8 10 11 12 13 | 13.5
Armour         | 3 4 5 6 8 9 10 11 12 | 12.8
Polearms       | 1 3 6 8 10 12 14 15 16 | 16.2
Throwing       | 2 3 4 |  4.3
Shields        | 1 2 4 |  4.4
Dodging        | 3 |  3.9
Stealth        | |  0.5
Evocations     | |  0.1

Action                   |  1- 3 |  4- 6 |  7- 9 | 10-12 | 13-15 || total
-------------------------+-------+-------+-------+-------+-------++-------
Melee: Hand axe          |    55 |   121 |       |       |       ||   176
       Punch             |     1 |     2 |       |       |       ||     3
       War axe           |       |    21 |       |       |       ||    21
       Halberd           |       |    18 |   203 |   389 |   638 ||  1248
       Battleaxe         |       |       |       |    44 |    84 ||   128
       Demon trident     |       |       |       |       |     8 ||     8
 Fire: Hand crossbow     |       |       |     9 |     6 |     2 ||    17
Throw: Throwing net      |       |       |     1 |       |       ||     1
       Boomerang         |       |       |    18 |     9 |     5 ||    32
       Dart              |       |       |       |     8 |       ||     8
Invok: Berserk           |     3 |     4 |    12 |    30 |    24 ||    73
       Trog's Hand       |       |       |     3 |    11 |     7 ||    21
       Brothers in Arms  |       |       |       |       |     1 ||     1
Evoke: Wand              |       |     3 |       |     6 |     2 ||    11
  Use: Scroll            |     2 |     4 |     7 |    12 |    14 ||    39
       Potion            |       |       |       |     4 |     4 ||     8
 Stab: Held in net/web   |       |     1 |       |       |       ||     1
       Paralysed         |       |       |     2 |       |       ||     2
       Petrified         |       |       |     1 |       |       ||     1
       Confused          |       |       |       |     2 |     2 ||     4
       Petrifying        |       |       |       |       |     1 ||     1
Armor: Animal skin       |    15 |       |       |       |       ||    15
       Plate armour      |     6 |    97 |   156 |   270 |       ||   529
       Chain mail        |       |       |       |     2 |   338 ||   340
Dodge: Dodged            |    40 |    61 |    86 |   142 |   221 ||   550
Block: Other             |       |       |       |    83 |   124 ||   207
       Reflection        |       |       |       |     2 |    13 ||    15
       Tower shield      |       |       |       |       |    16 ||    16
